Colorado Rockies vs Vancouver Canucks

Created - Monday, March 2, 2026 at 07:53

Goals
1 2 3 OT1 T
Colorado Rockies 1 0 2 0 3
Vancouver Canucks 0 3 0 1 4
Shots
1 2 3 OT1 T
Colorado Rockies 18 7 11 0 36
Vancouver Canucks 10 21 4 1 36

1st period

1. Colorado Rockies , David Pastrnak 4 (Danton Heinen 5, Martin Fehervary 5) at 5:26

Penalties :
Connor Zary (VAN) for Hooking (Minor) at 5:43, Tim Stutzle (COL) for Hooking (Minor) at 8:33

2nd period

2. Vancouver Canucks , Connor Zary 11 (Jesperi Kotkaniemi 16, Aleksander Barkov 18) at 1:54 (PP)
3. Vancouver Canucks , Jesperi Kotkaniemi 5 (Connor Zary 13, Matias Maccelli 7) at 2:59 (PP)
4. Vancouver Canucks , Miro Heiskanen 2 (Jesperi Kotkaniemi 17, Connor Zary 14) at 17:03 (PP)

Penalties :
Danton Heinen (COL) for Tripping (Minor) at 1:47, Martin Fehervary (COL) for High sticking (Minor) at 2:45, Connor Zary (VAN) for Roughing (Minor) at 3:39, Vince Dunn (COL) for Hooking (Minor) at 12:56, Casey Cizikas (COL) for High sticking (Minor) at 15:45

3rd period

5. Colorado Rockies , Nick Schmaltz 7 (Quinn Hughes 8) at 0:32
6. Colorado Rockies , Philipp Kurashev 5 (Quinn Hughes 9, Tim Stutzle 19) at 14:49

Penalties :
Tim Stutzle (COL) for Slashing (Minor) at 3:41, Bobby McMann (VAN) for Roughing (Minor) at 7:47, Martin Fehervary (COL) for Boarding (Minor) at 15:39

Overtime #1

7. Vancouver Canucks , Mikko Rantanen 21 (Clayton Keller 17) at 0:10

Penalties :
No Penalty

Goalie Stats

Arvid Soderblom (COL), 32 saves from 36 shots - (0.889), OTL, 2-4-1, 60:10 minutes
Justus Annunen (VAN), 33 saves from 36 shots - (0.917), W, 7-6-1, 60:10 minutes

Players Stats for Colorado Rockies

Player Name              G  A  P  +/- PIM S  H  SB GA TA FO     MP     PP MP  PK MP  
------------------------------------------------------------------------------------
Andrew Peeke             0  0  0   0  0   1  0  0  0  1  0/0    22:21   3:17   4:11 
Cam Fowler               0  0  0   1  0   1  1  2  0  2  0/0    21:48   2:40   5:13 
Casey Cizikas            0  0  0   0  2   0  2  1  0  0  7/17   15:21   0:00   4:01 
Danton Heinen            0  1  1   1  2   1  1  0  0  0  0/0    10:34   0:00   0:00 
Darren Raddysh           0  0  0   2  0   0  2  9  0  2  0/0    22:34   2:40   5:24 
David Pastrnak           1  0  1   1  0   4  1  2  1  0  0/1    13:01   3:02   0:00 
Elias Pettersson         0  0  0   1  0   3  2  0  0  0  2/7    20:06   3:02   5:05 
Jesper Bratt             0  0  0   1  0   2  3  0  0  0  0/1    17:50   3:02   4:25 
Kevin Hayes              0  0  0   0  0   2  0  2  0  0  8/14   13:45   0:00   1:05 
Kyle Connor              0  0  0   0  0   5  2  0  1  0  1/1    14:01   2:55   0:03 
Martin Fehervary         0  1  1   1  4   1  1  3  0  2  0/0    15:22   0:00   0:00 
Michael Bunting          0  0  0   0  0   4  1  0  1  0  0/0    12:29   0:03   0:00 
Nick Schmaltz            1  0  1   1  0   4  0  0  0  0  2/6    15:34   0:00   4:25 
Pavel Dorofeyev          0  0  0   1  0   1  0  0  0  0  0/2    13:36   2:52   0:00 
Philipp Kurashev         1  0  1   1  0   1  0  2  0  0  0/2     9:40   0:00   0:00 
Quinn Hughes             0  2  2   0  0   4  1  1  1  0  0/0    19:28   3:17   0:34 
Tim Stutzle              0  1  1   0  4   2  5  0  0  1  5/10   14:05   2:55   0:06 
Vince Dunn               0  0  0   0  2   0  1  1  0  0  0/0    19:23   0:00   3:48 

Players Stats for Vancouver Canucks

Player Name              G  A  P  +/- PIM S  H  SB GA TA FO     MP     PP MP  PK MP  
------------------------------------------------------------------------------------
Aleksander Barkov        0  1  1  -1  0   2  0  0  1  0  13/19  23:34   5:08   2:56 
Artturi Lehkonen         0  0  0  -1  0   0  2  0  0  0  3/5    23:05   4:37   2:56 
Bobby McMann             0  0  0  -2  2   0  2  0  0  0  0/0     9:43   0:00   0:00 
Brett Leason             0  0  0   0  0   1  2  0  0  1  0/0    11:31   0:00   2:42 
Casey Mittelstadt        0  0  0   0  0   3  2  0  0  0  3/6    15:42   4:27   0:00 
Clayton Keller           0  1  1  -1  0   1  1  0  1  0  3/7    15:23   4:37   0:00 
Connor Zary              1  2  3  -2  4   4  0  0  1  0  4/10   15:39   4:58   0:00 
Emil Martinsen Lilleberg 0  0  0  -1  0   1  1  0  1  0  0/0    11:40   0:00   0:00 
Jake Bean                0  0  0  -1  0   0  0  1  0  0  0/0    11:40   0:00   0:00 
Jesperi Kotkaniemi       1  2  3   0  0   7  2  0  0  0  4/5    15:33   4:58   0:07 
Joel Hanley              0  0  0   0  0   1  1  0  0  1  0/0    16:54   0:00   2:58 
Matias Maccelli          0  1  1   0  0   2  2  0  0  0  1/1    15:21   4:58   0:00 
Mavrik Bourque           0  0  0   0  0   0  0  0  1  0  0/0     8:29   0:00   0:00 
Mikko Rantanen           1  0  1   0  0   10 3  0  2  0  1/2    23:38   4:37   2:54 
Miro Heiskanen           1  0  1  -1  0   2  1  0  0  1  0/0    25:33   5:08   2:59 
Noah Hanifin             0  0  0  -1  0   0  2  1  0  0  0/0    25:38   4:27   2:59 
Ryan McDonagh            0  0  0   0  0   1  0  1  1  1  0/0    16:54   0:00   2:58 
Sean Couturier           0  0  0   0  0   1  1  0  0  0  4/6     8:43   0:00   0:19 

3 Stars

1 - Jesperi Kotkaniemi (VAN)
2 - Mikko Rantanen (VAN)
3 - David Pastrnak (COL)

Power Play

Colorado Rockies - 0 on 3 Attempt(s) - 0.00%
Vancouver Canucks - 3 on 7 Attempt(s) - 42.86%

Penalty Kill

Colorado Rockies - 4 on 7 Attempt(s) - 57.14% - Score 0 goal in Penalty Kill
Vancouver Canucks - 3 on 3 Attempt(s) - 100.00% - Score 0 goal in Penalty Kill

Team Stat

Colorado Rockies - Hits : 23 - Faceoff Wins : 25 - Blocked Shots : 23 - Penalty Minutes : 14
Vancouver Canucks - Hits : 22 - Faceoff Wins : 36 - Blocked Shots : 3 - Penalty Minutes : 6

Official

Referees : Beaudry Halkidis and Pierre Lambert
Linesman : Devin Berg and CJ Murray

Game Notes

No Game Note

Finance

Level 1 -- Attendance: 4422 (73.70%) -- Ticket Income $437,778
Level 2 -- Attendance: 4060 (81.20%) -- Ticket Income $239,540
Level 3 -- Attendance: 2559 (85.30%) -- Ticket Income $87,006
Level 4 -- Attendance: 3652 (73.04%) -- Ticket Income $87,648
Luxury Box -- Attendance: 799 (79.90%) -- Ticket Income $159,001
Game was played at the Rogers Arena.
Total Attendance: 15492 (77.46%)
Total Ticket Income: $1,010,973
Other Income: $353,841
Total Income: $1,364,814

Colorado Rockies

5 vs 5 Forward 
   Center                   Left Wing                Right Wing               Time % Phy DF OF 
 1 Elias Pettersson         Nick Schmaltz            Pavel Dorofeyev          25     3   1  1  
 2 Tim Stutzle              Jesper Bratt             Philipp Kurashev         25     1   3  1  
 3 Kevin Hayes              Kyle Connor              Michael Bunting          25     1   3  1  
 4 Casey Cizikas            Danton Heinen            David Pastrnak           25     1   3  1  

5 vs 5 Defense 
   Defense                  Defense                                           Time % Phy DF OF 
 1 Martin Fehervary         Darren Raddysh                                    33     1   0  4  
 2 Cam Fowler               Quinn Hughes                                      33     1   3  1  
 3 Vince Dunn               Andrew Peeke                                      33     3   1  1  
 4 Martin Fehervary         Quinn Hughes                                      1      1   2  2  

PowerPlay Forward 
   Center                   Left Wing                Right Wing               Time % Phy DF OF 
 1 Tim Stutzle              Kyle Connor              Pavel Dorofeyev          50     1   0  4  
 2 Elias Pettersson         Jesper Bratt             David Pastrnak           50     1   2  2  

PowerPlay Defense
   Defense                  Defense                                           Time % Phy DF OF 
 1 Andrew Peeke             Quinn Hughes                                      50     1   3  1  
 2 Cam Fowler               Darren Raddysh                                    50     1   2  2  

Penalty Kill 4 Players Forward 
   Center                   Wing                     Time % Phy DF OF 
 1 Nick Schmaltz            Jesper Bratt             50     1   2  2  
 2 Casey Cizikas            Elias Pettersson         50     1   2  2  

Penalty Kill 4 Players Defense
   Defense                  Defense                  Time % Phy DF OF 
 1 Vince Dunn               Darren Raddysh           50     1   2  2  
 2 Cam Fowler               Andrew Peeke             50     1   2  2  

Penalty Kill - 3 Players Forward 
   Forward                                           Time % Phy DF OF 
 1 Tim Stutzle                                       50     1   2  2  
 2 Casey Cizikas                                     50     1   2  2  

Penalty Kill - 3 Players Defense
   Defense                  Defense                  Time % Phy DF OF 
 1 Vince Dunn               Darren Raddysh           50     1   2  2  
 2 Cam Fowler               Andrew Peeke             50     1   2  2  

4 vs 4 Forward 
   Center                   Wing                     Time % Phy DF OF 
 1 Tim Stutzle              Casey Cizikas            50     1   2  2  
 2 Elias Pettersson         Danton Heinen            50     1   2  2  

4 vs 4 Defense
   Defense                  Defense                  Time % Phy DF OF 
 1 Martin Fehervary         Quinn Hughes             50     1   2  2  
 2 Cam Fowler               Andrew Peeke             50     1   2  2  

Last Minutes Offensive
   Center                   Left Wing                Right Wing               Defense                  Defense                  
   Tim Stutzle              Kyle Connor              David Pastrnak           Martin Fehervary         Darren Raddysh           

Last Minutes Defensive
   Center                   Left Wing                Right Wing               Defense                  Defense                  
   Tim Stutzle              Kyle Connor              David Pastrnak           Martin Fehervary         Darren Raddysh           

Goaltenders
Starting : Arvid Soderblom          
Backup : Joey Daccord             

Extra Forwards
Normal : Pavel Dorofeyev, Michael Bunting, Kevin Hayes - PP : Pavel Dorofeyev, Michael Bunting - PK : Kevin Hayes
Extra Defensemen
Normal : Vince Dunn, Darren Raddysh, Cam Fowler - PP : Vince Dunn - PK : Darren Raddysh, Cam Fowler
Penalty Shots
Tim Stutzle, David Pastrnak, Kyle Connor, Elias Pettersson, Jesper Bratt

Scratches
Daniil Tarasov (Healthy)

Vancouver Canucks

5 vs 5 Forward 
   Center                   Left Wing                Right Wing               Time % Phy DF OF 
 1 Aleksander Barkov        Artturi Lehkonen         Mikko Rantanen           37     1   1  3  
 2 Connor Zary              Clayton Keller           Bobby McMann             28     1   2  2  
 3 Casey Mittelstadt        Jesperi Kotkaniemi       Matias Maccelli          21     1   2  2  
 4 Sean Couturier           Brett Leason             Mavrik Bourque           14     1   3  1  

5 vs 5 Defense 
   Defense                  Defense                                           Time % Phy DF OF 
 1 Noah Hanifin             Miro Heiskanen                                    30     1   2  2  
 2 Ryan McDonagh            Joel Hanley                                       30     1   2  2  
 3 Jake Bean                Emil Martinsen Lilleberg                          25     1   2  2  
 4 Noah Hanifin             Miro Heiskanen                                    15     1   2  2  

PowerPlay Forward 
   Center                   Left Wing                Right Wing               Time % Phy DF OF 
 1 Clayton Keller           Artturi Lehkonen         Mikko Rantanen           50     0   1  4  
 2 Jesperi Kotkaniemi       Connor Zary              Matias Maccelli          50     0   1  4  

PowerPlay Defense
   Defense                  Defense                                           Time % Phy DF OF 
 1 Aleksander Barkov        Miro Heiskanen                                    50     0   1  4  
 2 Noah Hanifin             Casey Mittelstadt                                 50     0   1  4  

Penalty Kill 4 Players Forward 
   Center                   Wing                     Time % Phy DF OF 
 1 Mikko Rantanen           Brett Leason             50     1   2  2  
 2 Aleksander Barkov        Artturi Lehkonen         50     1   2  2  

Penalty Kill 4 Players Defense
   Defense                  Defense                  Time % Phy DF OF 
 1 Ryan McDonagh            Joel Hanley              50     1   2  2  
 2 Noah Hanifin             Miro Heiskanen           50     1   2  2  

Penalty Kill - 3 Players Forward 
   Forward                                           Time % Phy DF OF 
 1 Aleksander Barkov                                 50     1   2  2  
 2 Brett Leason                                      50     1   2  2  

Penalty Kill - 3 Players Defense
   Defense                  Defense                  Time % Phy DF OF 
 1 Ryan McDonagh            Joel Hanley              50     1   2  2  
 2 Noah Hanifin             Miro Heiskanen           50     1   2  2  

4 vs 4 Forward 
   Center                   Wing                     Time % Phy DF OF 
 1 Clayton Keller           Mikko Rantanen           50     1   2  2  
 2 Aleksander Barkov        Connor Zary              50     1   2  2  

4 vs 4 Defense
   Defense                  Defense                  Time % Phy DF OF 
 1 Noah Hanifin             Miro Heiskanen           50     1   2  2  
 2 Ryan McDonagh            Joel Hanley              50     1   2  2  

Last Minutes Offensive
   Center                   Left Wing                Right Wing               Defense                  Defense                  
   Aleksander Barkov        Clayton Keller           Mikko Rantanen           Noah Hanifin             Miro Heiskanen           

Last Minutes Defensive
   Center                   Left Wing                Right Wing               Defense                  Defense                  
   Aleksander Barkov        Artturi Lehkonen         Brett Leason             Ryan McDonagh            Joel Hanley              

Goaltenders
Starting : Justus Annunen           
Backup : Cam Talbot               

Extra Forwards
Normal : Mikko Rantanen, Aleksander Barkov, Clayton Keller - PP : Mikko Rantanen, Clayton Keller - PK : Sean Couturier
Extra Defensemen
Normal : Miro Heiskanen, Joel Hanley, Ryan McDonagh - PP : Miro Heiskanen - PK : Ryan McDonagh, Joel Hanley
Penalty Shots
Aleksander Barkov, Sean Couturier, Clayton Keller, Jesperi Kotkaniemi, Mikko Rantanen

Scratches
Anton Lundell (Healthy), Jacob Bernard-Docker (Healthy), Jacob Bryson (Healthy)

% Time on Ice - Colorado Rockies

Lines # - Real PCT - Wanted PCT - Time Play
Normal Forward
1 - 26% - 25% - 11:41
2 - 25% - 25% - 11:10
3 - 25% - 25% - 11:02
4 - 24% - 25% - 10:35
Normal Defense
1 - 32% - 33% - 14:12
2 - 31% - 33% - 13:44
3 - 32% - 33% - 14:18
4 - 5% - 1% - 2:14
PP Forward
1 - 49% - 50% - 2:55
2 - 51% - 50% - 3:02
PP Defense
1 - 55% - 50% - 3:17
2 - 45% - 50% - 2:40
PK Forward
1 - 47% - 50% - 4:30
2 - 53% - 50% - 5:05
PK Defense
1 - 56% - 50% - 5:24
2 - 44% - 50% - 4:11
PK3 Forward
1 - 0% - 50%
2 - 0% - 50%
PK3 Defense
1 - 0% - 50%
2 - 0% - 50%
44 Forward
1 - 100% - 50% - 0:10
2 - 0% - 50% - 0:00
44 Defense
1 - 100% - 50% - 0:10
2 - 0% - 50% - 0:00
Last Minute Offensive  - 0:00
Last Minute Defensive  - 0:00
Total
Forward - 60:10
Defense - 60:10

% Time on Ice - Vancouver Canucks

Lines # - Real PCT - Wanted PCT - Time Play
Normal Forward
1 - 36% - 37% - 15:57
2 - 24% - 28% - 10:39
3 - 21% - 21% - 9:28
4 - 19% - 14% - 8:24
Normal Defense
1 - 30% - 30% - 13:31
2 - 34% - 30% - 14:58
3 - 26% - 25% - 11:40
4 - 10% - 15% - 4:19
PP Forward
1 - 48% - 50% - 4:37
2 - 52% - 50% - 4:58
PP Defense
1 - 54% - 50% - 5:08
2 - 46% - 50% - 4:27
PK Forward
1 - 51% - 50% - 3:01
2 - 49% - 50% - 2:56
PK Defense
1 - 50% - 50% - 2:58
2 - 50% - 50% - 2:59
PK3 Forward
1 - 0% - 50%
2 - 0% - 50%
PK3 Defense
1 - 0% - 50%
2 - 0% - 50%
44 Forward
1 - 100% - 50% - 0:10
2 - 0% - 50% - 0:00
44 Defense
1 - 100% - 50% - 0:10
2 - 0% - 50% - 0:00
Last Minute Offensive  - 0:00
Last Minute Defensive  - 0:00
Total
Forward - 60:10
Defense - 60:10

Play-by-Play

1st period


0:01 of 1st period - Aleksander Barkov wins face-off versus Pavel Dorofeyev in neutral zone.
0:04 of 1st period - Darren Raddysh is hit by Mikko Rantanen and loses puck.
1:08 of 1st period - Danton Heinen is hit by Sean Couturier and loses puck.
1:46 of 1st period - Emil Martinsen Lilleberg is hit by Tim Stutzle.
1:54 of 1st period - Snap shot by Jesper Bratt.
1:54 of 1st period - Stopped by Justus Annunen with a rebound.
1:56 of 1st period - Slapshot by Tim Stutzle.
1:56 of 1st period - Stopped by Justus Annunen without a rebound.
1:57 of 1st period - Kevin Hayes wins face-off versus Mikko Rantanen in Vancouver Canucks zone.
2:38 of 1st period - Tim Stutzle is hit by Mikko Rantanen and loses puck.
2:45 of 1st period - Slapshot by Mikko Rantanen.
2:45 of 1st period - Shot Blocked by Philipp Kurashev.
2:47 of 1st period - Wrist shot by Aleksander Barkov.
2:47 of 1st period - Deflect By Mikko Rantanen.
2:47 of 1st period - Stopped by Arvid Soderblom without a rebound.
2:48 of 1st period - Casey Cizikas wins face-off versus Casey Mittelstadt in Colorado Rockies zone.
2:48 of 1st period - Casey Cizikas is hit by Emil Martinsen Lilleberg.
3:20 of 1st period - Slapshot by Quinn Hughes.
3:20 of 1st period - Stopped by Justus Annunen without a rebound.
3:21 of 1st period - Elias Pettersson wins face-off versus Connor Zary in Vancouver Canucks zone.
3:52 of 1st period - Wrist shot by David Pastrnak.
3:52 of 1st period - Stopped by Justus Annunen with a rebound.
3:54 of 1st period - Backhand shot by Cam Fowler.
3:54 of 1st period - Stopped by Justus Annunen without a rebound.
3:55 of 1st period - Kevin Hayes wins face-off versus Jesperi Kotkaniemi in Vancouver Canucks zone.
4:08 of 1st period - Slapshot by Michael Bunting.
4:08 of 1st period - Stopped by Justus Annunen with a rebound.
4:44 of 1st period - Snap shot by Kyle Connor.
4:44 of 1st period - Stopped by Justus Annunen with a rebound.
4:46 of 1st period - Slapshot by Andrew Peeke.
4:46 of 1st period - Stopped by Justus Annunen with a rebound.
4:56 of 1st period - Snap shot by Kevin Hayes.
4:56 of 1st period - Shot Misses the Net.
4:58 of 1st period - Wrist shot by Kevin Hayes.
4:58 of 1st period - Shot Misses the Net.
5:00 of 1st period - Snap shot by Kevin Hayes.
5:00 of 1st period - Shot Hit the Post.
5:02 of 1st period - Wrist shot by Michael Bunting.
5:02 of 1st period - Stopped by Justus Annunen with a rebound.
5:04 of 1st period - Slapshot by Andrew Peeke.
5:04 of 1st period - Shot Blocked by Ryan McDonagh.
5:06 of 1st period - Snap shot by Kyle Connor.
5:06 of 1st period - Stopped by Justus Annunen with a rebound.
5:16 of 1st period - Snap shot by Michael Bunting.
5:16 of 1st period - Stopped by Justus Annunen with a rebound.
5:18 of 1st period - Snap shot by Kyle Connor.
5:18 of 1st period - Stopped by Justus Annunen without a rebound.
5:19 of 1st period - Connor Zary wins face-off versus Casey Cizikas in Vancouver Canucks zone.
5:22 of 1st period - Snap shot by David Pastrnak.
5:22 of 1st period - Shot Misses the Net.
5:26 of 1st period - Slapshot by David Pastrnak.
5:26 of 1st period - Deflect By Miro Heiskanen.
5:26 of 1st period - Goal by David Pastrnak - Colorado Rockies : 1 - Vancouver Canucks : 0.
5:27 of 1st period - Tim Stutzle wins face-off versus Connor Zary in neutral zone.
5:43 of 1st period - Minor Penalty to Connor Zary for Hooking.
5:44 of 1st period - Mikko Rantanen wins face-off versus Elias Pettersson in Vancouver Canucks zone.
6:20 of 1st period - Slapshot by Kyle Connor.
6:20 of 1st period - Stopped by Justus Annunen with a rebound.
6:56 of 1st period - Tim Stutzle is hit by Brett Leason and loses puck.
7:43 of 1st period - Penalty to Connor Zary is over, Connor Zary is back on ice.
8:07 of 1st period - Wrist shot by Mikko Rantanen.
8:07 of 1st period - Stopped by Arvid Soderblom without a rebound.
8:08 of 1st period - Casey Mittelstadt wins face-off versus Elias Pettersson in Colorado Rockies zone.
8:17 of 1st period - Snap shot by Casey Mittelstadt.
8:17 of 1st period - Shot Blocked by Martin Fehervary.
8:19 of 1st period - Slapshot by Jake Bean.
8:19 of 1st period - Shot Blocked by Martin Fehervary.
8:21 of 1st period - Slapshot by Emil Martinsen Lilleberg.
8:21 of 1st period - Stopped by Arvid Soderblom without a rebound.
8:22 of 1st period - Connor Zary wins face-off versus Tim Stutzle in Colorado Rockies zone.
8:31 of 1st period - Snap shot by Clayton Keller.
8:31 of 1st period - Stopped by Arvid Soderblom with a rebound.
8:33 of 1st period - Minor Penalty to Tim Stutzle for Hooking.
8:34 of 1st period - Artturi Lehkonen wins face-off versus Nick Schmaltz in Colorado Rockies zone.
9:08 of 1st period - Wrist shot by Jesperi Kotkaniemi.
9:08 of 1st period - Shot Blocked by Darren Raddysh.
9:10 of 1st period - Wrist shot by Jesperi Kotkaniemi.
9:10 of 1st period - Stopped by Arvid Soderblom with a rebound.
9:12 of 1st period - Snap shot by Aleksander Barkov.
9:12 of 1st period - Shot Blocked by Vince Dunn.
10:33 of 1st period - Penalty to Tim Stutzle is over, Tim Stutzle is back on ice.
10:58 of 1st period - Wrist shot by Connor Zary.
10:58 of 1st period - Stopped by Arvid Soderblom with a rebound.
11:16 of 1st period - Slapshot by Aleksander Barkov.
11:16 of 1st period - Shot Blocked by Darren Raddysh.
11:22 of 1st period - Slapshot by Connor Zary.
11:22 of 1st period - Stopped by Arvid Soderblom without a rebound.
11:23 of 1st period - Sean Couturier wins face-off versus David Pastrnak in Colorado Rockies zone.
11:36 of 1st period - Wrist shot by Sean Couturier.
11:36 of 1st period - Shot Blocked by Quinn Hughes.
11:38 of 1st period - Wrist shot by Brett Leason.
11:38 of 1st period - Stopped by Arvid Soderblom with a rebound.
12:12 of 1st period - Cam Fowler is hit by Artturi Lehkonen.
12:32 of 1st period - Clayton Keller is hit by Martin Fehervary and loses puck.
13:03 of 1st period - David Pastrnak is hit by Noah Hanifin and loses puck.
13:11 of 1st period - Icing by Andrew Peeke.
13:12 of 1st period - Casey Cizikas wins face-off versus Connor Zary in Colorado Rockies zone.
14:06 of 1st period - Wrist shot by Danton Heinen.
14:06 of 1st period - Shot Blocked by Noah Hanifin.
14:25 of 1st period - Slapshot by Quinn Hughes.
14:25 of 1st period - Stopped by Justus Annunen with a rebound.
14:40 of 1st period - Artturi Lehkonen is hit by Tim Stutzle.
14:55 of 1st period - Snap shot by Mikko Rantanen.
14:55 of 1st period - Stopped by Arvid Soderblom with a rebound.
14:57 of 1st period - Snap shot by Mikko Rantanen.
14:57 of 1st period - Stopped by Arvid Soderblom without a rebound.
14:58 of 1st period - Casey Cizikas wins face-off versus Casey Mittelstadt in Colorado Rockies zone.
15:07 of 1st period - Snap shot by David Pastrnak.
15:07 of 1st period - Stopped by Justus Annunen with a rebound.
15:23 of 1st period - Connor Zary is hit by Darren Raddysh and loses puck.
15:42 of 1st period - Wrist shot by Nick Schmaltz.
15:42 of 1st period - Stopped by Justus Annunen with a rebound.
15:44 of 1st period - Snap shot by Kevin Hayes.
15:44 of 1st period - Stopped by Justus Annunen without a rebound.
15:45 of 1st period - Kevin Hayes wins face-off versus Sean Couturier in Vancouver Canucks zone.
16:12 of 1st period - Cam Fowler is hit by Artturi Lehkonen and loses puck.
16:42 of 1st period - Slapshot by Jesperi Kotkaniemi.
16:42 of 1st period - Shot Blocked by Cam Fowler.
17:02 of 1st period - Cam Fowler is hit by Bobby McMann and loses puck.
17:21 of 1st period - Slapshot by Artturi Lehkonen.
17:21 of 1st period - Shot Misses the Net.
17:23 of 1st period - Wrist shot by Artturi Lehkonen.
17:23 of 1st period - Shot Misses the Net.
17:43 of 1st period - Pavel Dorofeyev is hit by Matias Maccelli and loses puck.
18:39 of 1st period - Aleksander Barkov is hit by Kyle Connor and loses puck.
19:08 of 1st period - Off-side.
19:09 of 1st period - Aleksander Barkov wins face-off versus Casey Cizikas in neutral zone.
19:36 of 1st period - Nick Schmaltz is hit by Bobby McMann.
Goals for this period are 1 for Colorado Rockies vs 0 for Vancouver Canucks.
Shots for this period are 18 for Colorado Rockies vs 10 for Vancouver Canucks.

2nd period


0:01 of 2nd period - Artturi Lehkonen wins face-off versus Kevin Hayes in neutral zone.
0:56 of 2nd period - Wrist shot by Elias Pettersson.
0:56 of 2nd period - Stopped by Justus Annunen with a rebound.
0:58 of 2nd period - Snap shot by Pavel Dorofeyev.
0:58 of 2nd period - Stopped by Justus Annunen with a rebound.
1:00 of 2nd period - Wrist shot by Nick Schmaltz.
1:00 of 2nd period - Stopped by Justus Annunen with a rebound.
1:02 of 2nd period - Slapshot by Nick Schmaltz.
1:02 of 2nd period - Stopped by Justus Annunen with a rebound.
1:18 of 2nd period - Slapshot by Miro Heiskanen.
1:18 of 2nd period - Shot Misses the Net.
1:20 of 2nd period - Slapshot by Mavrik Bourque.
1:20 of 2nd period - Shot Misses the Net.
1:22 of 2nd period - Snap shot by Noah Hanifin.
1:22 of 2nd period - Shot Blocked by Darren Raddysh.
1:24 of 2nd period - Slapshot by Miro Heiskanen.
1:24 of 2nd period - Stopped by Arvid Soderblom with a rebound.
1:26 of 2nd period - Slapshot by Brett Leason.
1:26 of 2nd period - Shot Misses the Net.
1:38 of 2nd period - Wrist shot by Mikko Rantanen.
1:38 of 2nd period - Shot Misses the Net.
1:40 of 2nd period - Wrist shot by Mikko Rantanen.
1:40 of 2nd period - Stopped by Arvid Soderblom without a rebound.
1:41 of 2nd period - Aleksander Barkov wins face-off versus Casey Cizikas in Colorado Rockies zone.
1:47 of 2nd period - Minor Penalty to Danton Heinen for Tripping.
1:48 of 2nd period - Jesperi Kotkaniemi wins face-off versus Casey Cizikas in Colorado Rockies zone.
1:54 of 2nd period - Wrist shot by Connor Zary.
1:54 of 2nd period - Goal by Connor Zary - Colorado Rockies : 1 - Vancouver Canucks : 1.
1:55 of 2nd period - Artturi Lehkonen wins face-off versus Elias Pettersson in neutral zone.
2:23 of 2nd period - Wrist shot by Jesperi Kotkaniemi.
2:23 of 2nd period - Stopped by Arvid Soderblom without a rebound.
2:24 of 2nd period - Casey Mittelstadt wins face-off versus Tim Stutzle in Colorado Rockies zone.
2:27 of 2nd period - Snap shot by Casey Mittelstadt.
2:27 of 2nd period - Stopped by Arvid Soderblom with a rebound.
2:29 of 2nd period - Snap shot by Jesperi Kotkaniemi.
2:29 of 2nd period - Shot Blocked by Darren Raddysh.
2:45 of 2nd period - Minor Penalty to Martin Fehervary for High sticking.
2:46 of 2nd period - Matias Maccelli wins face-off versus Nick Schmaltz in Colorado Rockies zone.
2:47 of 2nd period - Wrist shot by Connor Zary.
2:47 of 2nd period - Shot Misses the Net.
2:53 of 2nd period - Slapshot by Jesperi Kotkaniemi.
2:53 of 2nd period - Deflect By Matias Maccelli.
2:53 of 2nd period - Stopped by Arvid Soderblom with a rebound.
2:55 of 2nd period - Snap shot by Matias Maccelli.
2:55 of 2nd period - Shot Misses the Net.
2:59 of 2nd period - Snap shot by Jesperi Kotkaniemi.
2:59 of 2nd period - Goal by Jesperi Kotkaniemi - Colorado Rockies : 1 - Vancouver Canucks : 2.
3:00 of 2nd period - Kevin Hayes wins face-off versus Aleksander Barkov in neutral zone.
3:39 of 2nd period - Minor Penalty to Connor Zary for Roughing.
3:40 of 2nd period - Elias Pettersson wins face-off versus Aleksander Barkov in Vancouver Canucks zone.
4:47 of 2nd period - Artturi Lehkonen is hit by Jesper Bratt and loses puck.
5:39 of 2nd period - Penalty to Connor Zary is over, Connor Zary is back on ice.
5:44 of 2nd period - Connor Zary is hit by Michael Bunting and loses puck.
6:07 of 2nd period - Elias Pettersson is hit by Jesperi Kotkaniemi and loses puck.
6:23 of 2nd period - Ryan McDonagh is hit by Elias Pettersson and loses puck.
6:57 of 2nd period - Snap shot by Matias Maccelli.
6:57 of 2nd period - Shot Misses the Net.
7:03 of 2nd period - Wrist shot by Jesperi Kotkaniemi.
7:03 of 2nd period - Stopped by Arvid Soderblom with a rebound.
7:05 of 2nd period - Slapshot by Jesperi Kotkaniemi.
7:05 of 2nd period - Stopped by Arvid Soderblom with a rebound.
7:15 of 2nd period - Wrist shot by Jesperi Kotkaniemi.
7:15 of 2nd period - Stopped by Arvid Soderblom with a rebound.
7:17 of 2nd period - Wrist shot by Matias Maccelli.
7:17 of 2nd period - Stopped by Arvid Soderblom with a rebound.
7:19 of 2nd period - Backhand shot by Ryan McDonagh.
7:19 of 2nd period - Deflect By Elias Pettersson.
7:19 of 2nd period - Stopped by Arvid Soderblom with a rebound.
7:21 of 2nd period - Slapshot by Jesperi Kotkaniemi.
7:21 of 2nd period - Stopped by Arvid Soderblom without a rebound.
7:22 of 2nd period - Aleksander Barkov wins face-off versus Tim Stutzle in Colorado Rockies zone.
7:23 of 2nd period - Snap shot by Mikko Rantanen.
7:23 of 2nd period - Stopped by Arvid Soderblom without a rebound.
7:24 of 2nd period - Aleksander Barkov wins face-off versus Jesper Bratt in Colorado Rockies zone.
7:43 of 2nd period - Vince Dunn is hit by Noah Hanifin and loses puck.
8:11 of 2nd period - Icing by Noah Hanifin.
8:12 of 2nd period - Casey Cizikas wins face-off versus Sean Couturier in Vancouver Canucks zone.
9:29 of 2nd period - Casey Cizikas is hit by Casey Mittelstadt and loses puck.
9:42 of 2nd period - Wrist shot by Brett Leason.
9:42 of 2nd period - Deflect By Sean Couturier.
9:42 of 2nd period - Shot Blocked by Kevin Hayes.
9:42 of 2nd period - Puck is out of play.
9:43 of 2nd period - Sean Couturier wins face-off versus Kevin Hayes in Colorado Rockies zone.
10:04 of 2nd period - Slapshot by Mavrik Bourque.
10:04 of 2nd period - Shot Blocked by Kevin Hayes.
10:06 of 2nd period - Slapshot by Joel Hanley.
10:06 of 2nd period - Deflect By Kyle Connor.
10:06 of 2nd period - Stopped by Arvid Soderblom with a rebound.
10:08 of 2nd period - Snap shot by Sean Couturier.
10:08 of 2nd period - Stopped by Arvid Soderblom without a rebound.
10:09 of 2nd period - Aleksander Barkov wins face-off versus Tim Stutzle in Colorado Rockies zone.
10:20 of 2nd period - Snap shot by Aleksander Barkov.
10:20 of 2nd period - Stopped by Arvid Soderblom with a rebound.
10:49 of 2nd period - Wrist shot by Jesper Bratt.
10:49 of 2nd period - Stopped by Justus Annunen without a rebound.
10:50 of 2nd period - Casey Cizikas wins face-off versus Aleksander Barkov in Vancouver Canucks zone.
12:00 of 2nd period - Andrew Peeke is hit by Casey Mittelstadt.
12:56 of 2nd period - Minor Penalty to Vince Dunn for Hooking.
12:57 of 2nd period - Clayton Keller wins face-off versus Casey Cizikas in Colorado Rockies zone.
13:04 of 2nd period - Snap shot by Clayton Keller.
13:04 of 2nd period - Shot Misses the Net.
13:06 of 2nd period - Backhand shot by Artturi Lehkonen.
13:06 of 2nd period - Shot Blocked by Casey Cizikas.
13:08 of 2nd period - Wrist shot by Miro Heiskanen.
13:08 of 2nd period - Shot Blocked by Darren Raddysh.
13:10 of 2nd period - Snap shot by Clayton Keller.
13:10 of 2nd period - Deflect By Mikko Rantanen.
13:10 of 2nd period - Shot Misses the Net.
13:10 of 2nd period - Puck is out of play.
13:11 of 2nd period - Jesperi Kotkaniemi wins face-off versus Nick Schmaltz in Colorado Rockies zone.
13:14 of 2nd period - Slapshot by Jesperi Kotkaniemi.
13:14 of 2nd period - Shot Misses the Net.
13:16 of 2nd period - Backhand shot by Connor Zary.
13:16 of 2nd period - Stopped by Arvid Soderblom with a rebound.
13:18 of 2nd period - Wrist shot by Jesperi Kotkaniemi.
13:18 of 2nd period - Shot Blocked by Darren Raddysh.
13:20 of 2nd period - Slapshot by Casey Mittelstadt.
13:20 of 2nd period - Stopped by Arvid Soderblom with a rebound.
13:22 of 2nd period - Slapshot by Noah Hanifin.
13:22 of 2nd period - Shot Blocked by Darren Raddysh.
13:24 of 2nd period - Slapshot by Casey Mittelstadt.
13:24 of 2nd period - Stopped by Arvid Soderblom without a rebound.
13:25 of 2nd period - Casey Cizikas wins face-off versus Clayton Keller in Colorado Rockies zone.
14:56 of 2nd period - Penalty to Vince Dunn is over, Vince Dunn is back on ice.
15:03 of 2nd period - Icing by Casey Mittelstadt.
15:04 of 2nd period - Kevin Hayes wins face-off versus Clayton Keller in Vancouver Canucks zone.
15:39 of 2nd period - Wrist shot by Brett Leason.
15:39 of 2nd period - Shot Blocked by David Pastrnak.
15:45 of 2nd period - Minor Penalty to Casey Cizikas for High sticking.
15:46 of 2nd period - Jesperi Kotkaniemi wins face-off versus Nick Schmaltz in Colorado Rockies zone.
15:57 of 2nd period - Backhand shot by Kevin Hayes.
15:57 of 2nd period - Stopped by Justus Annunen without a rebound.
15:58 of 2nd period - Clayton Keller wins face-off versus Kevin Hayes in Vancouver Canucks zone.
16:07 of 2nd period - Vince Dunn is hit by Clayton Keller and loses puck.
16:53 of 2nd period - Icing by Connor Zary.
16:54 of 2nd period - Jesperi Kotkaniemi wins face-off versus Kevin Hayes in Vancouver Canucks zone.
17:01 of 2nd period - Slapshot by Jesperi Kotkaniemi.
17:01 of 2nd period - Shot Blocked by Cam Fowler.
17:03 of 2nd period - Slapshot by Miro Heiskanen.
17:03 of 2nd period - Goal by Miro Heiskanen - Colorado Rockies : 1 - Vancouver Canucks : 3.
17:04 of 2nd period - Aleksander Barkov wins face-off versus Philipp Kurashev in neutral zone.
17:51 of 2nd period - Jesperi Kotkaniemi is hit by Darren Raddysh and loses puck.
18:12 of 2nd period - Danton Heinen is hit by Brett Leason and loses puck.
18:36 of 2nd period - Ryan McDonagh is hit by Vince Dunn and loses puck.
19:00 of 2nd period - Wrist shot by Michael Bunting.
19:00 of 2nd period - Deflect By Bobby McMann.
19:00 of 2nd period - Shot Blocked by Jake Bean.
19:00 of 2nd period - Puck is out of play.
19:01 of 2nd period - Connor Zary wins face-off versus Kevin Hayes in Vancouver Canucks zone.
19:09 of 2nd period - Miro Heiskanen is hit by Cam Fowler and loses puck.
19:33 of 2nd period - Icing by Aleksander Barkov.
19:34 of 2nd period - Aleksander Barkov wins face-off versus Casey Cizikas in Vancouver Canucks zone.
19:34 of 2nd period - Aleksander Barkov is hit by Casey Cizikas.
19:42 of 2nd period - Slapshot by Danton Heinen.
19:42 of 2nd period - Stopped by Justus Annunen without a rebound.
19:43 of 2nd period - Aleksander Barkov wins face-off versus Casey Cizikas in Vancouver Canucks zone.
19:43 of 2nd period - Aleksander Barkov is hit by Casey Cizikas.
19:48 of 2nd period - Aleksander Barkov is hit by David Pastrnak and loses puck.
19:57 of 2nd period - Off-side.
19:58 of 2nd period - Tim Stutzle wins face-off versus Connor Zary in neutral zone.
Goals for this period are 0 for Colorado Rockies vs 3 for Vancouver Canucks.
Shots for this period are 7 for Colorado Rockies vs 21 for Vancouver Canucks.

3rd period


0:01 of 3rd period - Aleksander Barkov wins face-off versus Philipp Kurashev in neutral zone.
0:26 of 3rd period - Nick Schmaltz is hit by Miro Heiskanen.
0:32 of 3rd period - Slapshot by Quinn Hughes.
0:32 of 3rd period - Deflect By Nick Schmaltz.
0:32 of 3rd period - Goal by Nick Schmaltz - Colorado Rockies : 2 - Vancouver Canucks : 3.
0:33 of 3rd period - Kevin Hayes wins face-off versus Aleksander Barkov in neutral zone.
0:42 of 3rd period - Slapshot by Kyle Connor.
0:42 of 3rd period - Stopped by Justus Annunen with a rebound.
0:44 of 3rd period - Slapshot by Kevin Hayes.
0:44 of 3rd period - Shot Misses the Net.
0:46 of 3rd period - Snap shot by Kyle Connor.
0:46 of 3rd period - Shot Misses the Net.
0:58 of 3rd period - Noah Hanifin is hit by Tim Stutzle.
1:08 of 3rd period - Slapshot by Aleksander Barkov.
1:08 of 3rd period - Shot Blocked by Philipp Kurashev.
1:24 of 3rd period - Wrist shot by Mikko Rantanen.
1:24 of 3rd period - Stopped by Arvid Soderblom with a rebound.
1:26 of 3rd period - Snap shot by Artturi Lehkonen.
1:26 of 3rd period - Deflect By Mikko Rantanen.
1:26 of 3rd period - Deflect By Tim Stutzle.
1:26 of 3rd period - Shot Misses the Net.
1:26 of 3rd period - Puck is out of play.
1:27 of 3rd period - Connor Zary wins face-off versus Elias Pettersson in Colorado Rockies zone.
1:44 of 3rd period - Slapshot by Quinn Hughes.
1:44 of 3rd period - Deflect By Connor Zary.
1:44 of 3rd period - Stopped by Justus Annunen with a rebound.
1:54 of 3rd period - Jesperi Kotkaniemi is hit by Quinn Hughes and loses puck.
2:01 of 3rd period - Wrist shot by Casey Cizikas.
2:01 of 3rd period - Deflect By David Pastrnak.
2:01 of 3rd period - Stopped by Justus Annunen without a rebound.
2:02 of 3rd period - Casey Mittelstadt wins face-off versus Kevin Hayes in Vancouver Canucks zone.
2:07 of 3rd period - Andrew Peeke is hit by Matias Maccelli and loses puck.
3:26 of 3rd period - Wrist shot by Elias Pettersson.
3:26 of 3rd period - Stopped by Justus Annunen without a rebound.
3:27 of 3rd period - Tim Stutzle wins face-off versus Aleksander Barkov in Vancouver Canucks zone.
3:41 of 3rd period - Minor Penalty to Tim Stutzle for Slashing.
3:42 of 3rd period - Nick Schmaltz wins face-off versus Clayton Keller in Colorado Rockies zone.
3:58 of 3rd period - Backhand shot by Clayton Keller.
3:58 of 3rd period - Shot Misses the Net.
4:08 of 3rd period - Casey Cizikas is hit by Jesperi Kotkaniemi and loses puck.
5:41 of 3rd period - Penalty to Tim Stutzle is over, Tim Stutzle is back on ice.
6:42 of 3rd period - Vince Dunn is hit by Joel Hanley and loses puck.
7:27 of 3rd period - Matias Maccelli is hit by Tim Stutzle and loses puck.
7:47 of 3rd period - Minor Penalty to Bobby McMann for Roughing.
7:48 of 3rd period - Kyle Connor wins face-off versus Aleksander Barkov in Vancouver Canucks zone.
8:15 of 3rd period - Brett Leason is hit by Jesper Bratt.
8:43 of 3rd period - Ryan McDonagh is hit by Kyle Connor and loses puck.
9:43 of 3rd period - Icing by Jesper Bratt.
9:44 of 3rd period - Sean Couturier wins face-off versus Elias Pettersson in Colorado Rockies zone.
9:47 of 3rd period - Penalty to Bobby McMann is over, Bobby McMann is back on ice.
10:15 of 3rd period - Emil Martinsen Lilleberg is hit by Tim Stutzle and loses puck.
10:30 of 3rd period - Wrist shot by Bobby McMann.
10:30 of 3rd period - Shot Blocked by Darren Raddysh.
10:32 of 3rd period - Slapshot by Jake Bean.
10:32 of 3rd period - Shot Misses the Net.
10:34 of 3rd period - Slapshot by Emil Martinsen Lilleberg.
10:34 of 3rd period - Deflect By Clayton Keller.
10:34 of 3rd period - Shot Misses the Net.
10:34 of 3rd period - Puck is out of play.
10:35 of 3rd period - Aleksander Barkov wins face-off versus Pavel Dorofeyev in Colorado Rockies zone.
10:36 of 3rd period - Wrist shot by Mikko Rantanen.
10:36 of 3rd period - Shot Blocked by Martin Fehervary.
10:42 of 3rd period - Slapshot by Mikko Rantanen.
10:42 of 3rd period - Stopped by Arvid Soderblom without a rebound.
10:43 of 3rd period - Kevin Hayes wins face-off versus Artturi Lehkonen in Colorado Rockies zone.
11:06 of 3rd period - Snap shot by Mikko Rantanen.
11:06 of 3rd period - Shot Misses the Net.
11:08 of 3rd period - Slapshot by Mikko Rantanen.
11:08 of 3rd period - Shot Misses the Net.
11:10 of 3rd period - Slapshot by Miro Heiskanen.
11:10 of 3rd period - Shot Blocked by David Pastrnak.
11:16 of 3rd period - Wrist shot by Mikko Rantanen.
11:16 of 3rd period - Stopped by Arvid Soderblom without a rebound.
11:17 of 3rd period - Tim Stutzle wins face-off versus Connor Zary in Colorado Rockies zone.
11:31 of 3rd period - Snap shot by Tim Stutzle.
11:31 of 3rd period - Shot Misses the Net.
12:36 of 3rd period - Snap shot by Michael Bunting.
12:36 of 3rd period - Stopped by Justus Annunen without a rebound.
12:37 of 3rd period - Casey Cizikas wins face-off versus Connor Zary in Vancouver Canucks zone.
13:53 of 3rd period - Wrist shot by Mavrik Bourque.
13:53 of 3rd period - Shot Misses the Net.
14:31 of 3rd period - Icing by Casey Cizikas.
14:32 of 3rd period - Aleksander Barkov wins face-off versus Casey Cizikas in Colorado Rockies zone.
14:37 of 3rd period - Slapshot by Aleksander Barkov.
14:37 of 3rd period - Stopped by Arvid Soderblom without a rebound.
14:38 of 3rd period - Tim Stutzle wins face-off versus Artturi Lehkonen in Colorado Rockies zone.
14:47 of 3rd period - Snap shot by Quinn Hughes.
14:47 of 3rd period - Stopped by Justus Annunen with a rebound.
14:49 of 3rd period - Snap shot by Philipp Kurashev.
14:49 of 3rd period - Goal by Philipp Kurashev - Colorado Rockies : 3 - Vancouver Canucks : 3.
14:50 of 3rd period - Aleksander Barkov wins face-off versus Casey Cizikas in neutral zone.
14:53 of 3rd period - Danton Heinen is hit by Mikko Rantanen and loses puck.
15:00 of 3rd period - Aleksander Barkov is hit by Danton Heinen and loses puck.
15:39 of 3rd period - Minor Penalty to Martin Fehervary for Boarding.
15:40 of 3rd period - Nick Schmaltz wins face-off versus Clayton Keller in Colorado Rockies zone.
15:48 of 3rd period - Mikko Rantanen is hit by Elias Pettersson and loses puck.
16:07 of 3rd period - Jesperi Kotkaniemi is hit by Jesper Bratt and loses puck.
16:16 of 3rd period - Slapshot by Matias Maccelli.
16:16 of 3rd period - Shot Blocked by Darren Raddysh.
17:39 of 3rd period - Penalty to Martin Fehervary is over, Martin Fehervary is back on ice.
17:53 of 3rd period - Icing by Elias Pettersson.
17:54 of 3rd period - Sean Couturier wins face-off versus Casey Cizikas in Colorado Rockies zone.
18:07 of 3rd period - Wrist shot by Martin Fehervary.
18:07 of 3rd period - Deflect By Elias Pettersson.
18:07 of 3rd period - Stopped by Justus Annunen with a rebound.
18:09 of 3rd period - Wrist shot by Martin Fehervary.
18:09 of 3rd period - Stopped by Justus Annunen without a rebound.
18:10 of 3rd period - Kevin Hayes wins face-off versus Casey Mittelstadt in Vancouver Canucks zone.
19:27 of 3rd period - Snap shot by Tim Stutzle.
19:27 of 3rd period - Stopped by Justus Annunen with a rebound.
Goals for this period are 2 for Colorado Rockies vs 0 for Vancouver Canucks.
Shots for this period are 11 for Colorado Rockies vs 4 for Vancouver Canucks.

Overtime #1


0:01 of 1st overtime period - Clayton Keller wins face-off versus Tim Stutzle in neutral zone.
0:10 of 1st overtime period - Snap shot by Mikko Rantanen.
0:10 of 1st overtime period - Goal by Mikko Rantanen - Colorado Rockies : 3 - Vancouver Canucks : 4.
Goals for this period are 0 for Colorado Rockies vs 1 for Vancouver Canucks.
Shots for this period are 0 for Colorado Rockies vs 1 for Vancouver Canucks.